 Dungeon Crawl Stone Soup version 0.31-a0-841-g038b102fc3 (webtiles) character file.

Game seed: 17043619625570499770

1409 Kurtz the Cleaver (level 8, -3/49 (54) HPs)
             Began as an Octopode Fighter on Sept 28, 2023.
             Was a Believer of Okawaru.
             Slain by a wight
             ... wielding a +3 battleaxe
              (5 damage)
             ... on level 6 of the Dungeon.
             The game lasted 00:07:14 (4731 turns).

Kurtz the Cleaver (Octopode Fighter)                Turns: 4731, Time: 00:07:15

HP:   -3/49 (54)    AC:  1    Str: 16    XL:     8   Next: 70%
MP:   10/10         EV: 18    Int: 10    God:    Okawaru [**....]
Gold: 172           SH:  4    Dex: 13    Spells: 7/7 levels left

rFire   . . .        a - +0 war axe
rCold   + . .        b - +0 buckler
rNeg    . . .        (helmet restricted)
rPois   .            r - amulet of regeneration
rElec   .            d - ring of resist corrosion
rCorr   +            q - +5 ring of evasion
SInv    .            B - ring of protection from cold
Will    .....        (no ring)
Stlth   ++           (no ring)
HPRegen 1.08/turn    (no ring)
MPRegen 0.12/turn    (no ring)
                     (no ring)

%: no passive effects
@: drained
A: almost no armour, amphibious, 8 rings, camouflage 1, gelatinous body 1,
(nimble swimmer 1), tentacles
a: Renounce Religion, Heroism


You were on level 6 of the Dungeon.
You worshipped Okawaru.
Okawaru was pleased with you.
You visited 2 branches of the dungeon, and saw 8 of its levels.

You collected 172 gold pieces.

Inventory:

Hand Weapons
 a - a +0 war axe (weapon)
Missiles
 n - 13 poisoned darts (quivered)
 w - 2 silver javelins
Armour
 b - a +0 buckler (worn)
Jewellery
 d - a ring of resist corrosion (left tentacle)
 q - a +5 ring of evasion (right tentacle)
 r - an amulet of regeneration (around mantle)
 B - a ring of protection from cold (on tentacle)
 E - a ring of ice
Wands
 o - a wand of iceblast (5)
 z - a wand of paralysis (5)
Scrolls
 h - a scroll of identify {unknown}
 j - a scroll of enchant weapon {unknown}
 k - 5 scrolls of teleportation {unknown}
 l - 3 scrolls of silence {unknown}
 m - 2 scrolls of revelation {unknown}
 p - a scroll of vulnerability {unknown}
 u - 2 scrolls of enchant armour {unknown}
 x - a scroll of torment {unknown}
 y - a scroll of fear {unknown}
 D - a scroll of poison {unknown}
Potions
 c - a potion of might
 e - a potion of resistance {unknown}
 f - 4 potions of curing {unknown}
 g - a potion of invisibility {unknown}
 i - 3 potions of magic {unknown}
 s - a potion of attraction {unknown}
 t - a potion of haste {unknown}
 v - a potion of mutation {unknown}
 A - a potion of brilliance {unknown}
 C - a potion of lignification {unknown}


   Skills:
 + Level 4.2 Fighting
 * Level 9.7 Axes
 - Level 3.0 Dodging
 - Level 3.0 Shields
 * Level 3.0 Invocations


You had 7 spell levels left.
You didn't know any spells.
Your spell library contained the following spells:

 Spells                   Type           Power      Damage    Failure   Level
 Dazzling Flash           Conj/Hex       0%         N/A       82%         3
 Ignite Poison            Fire/Tmut/Pois 0%         N/A       82%         3
 Volatile Blastmotes      Fire/Tloc      0%         2d10      82%         3
 Sticky Flame             Conj/Fire      0%         2d3       99%         4
 Starburst                Conj/Fire      0%         6d3       100%        6
 Ignition                 Fire           0%         3d3       100%        8
 Maxwell's Capacitive Co  Air            0%         ∞         100%        8


Dungeon Overview and Level Annotations

Branches:
Dungeon (7/15)             Temple (1/1) D:4

Altars:
Ashenzari
Cheibriados
Dithmenos
Elyvilon
Fedhas
Hepliaklqana
Kikubaaqudgha
Makhleb
Okawaru
Qazlal
Ru
Sif Muna
Trog
Uskayaw
Wu Jian
Yredelemnul
Zin
The Shining One

Annotations:
D:4 Edmund
D:6 3 runed translucent doors, exclusion: downstairs, 0gre's ghost, novice GnCj; Stellion's ghost, novice KoBr


Innate Abilities, Weirdness & Mutations

You cannot wear most types of armour.
You are amphibious.
You can wear up to eight rings at the same time.
Your skin changes colour to match your surroundings (Stealth+).
Your rubbery body absorbs attacks. (AC +1, EV +1)
((You are camouflaged when in or above water. (Stealth+)))
You have tentacles for arms and can constrict up to eight enemies at once.


Message History

The wight closely misses you.
There is a stone staircase leading up here.
The wight barely misses you.
You climb upwards.
Level annotation: 3 runed translucent doors, exclusion: downstairs, 0gre's ghost, novice GnCj; Stellion's ghost, novice KoBr
There is a stone staircase leading down here.
You hit the wight. You grab the wight. You squeeze the wight.
The wight is lightly damaged.
You constrict the wight. The wight completely misses you.
You slash the wight!
You squeeze the wight, but do no damage.
The wight is severely damaged.
You constrict the wight. The wight barely misses you.
You hit the wight but do no damage. You squeeze the wight.
You destroy the wight!
Okawaru accepts your kill.
No target in view!
You climb downwards.
You block the wight's attack. The wight hits you with a +3 battleaxe!
You feel drained.
There is a stone staircase leading up, spattered with blood here.
The wight hits you with a +3 battleaxe!
You feel drained.
You climb upwards.
Level annotation: 3 runed translucent doors, exclusion: downstairs, 0gre's ghost, novice GnCj; Stellion's ghost, novice KoBr
There is a stone staircase leading down here.
You are too injured to fight recklessly!
You are too injured to fight recklessly!
You hit the wight. You grab the wight.
The wight is moderately damaged.
You constrict the wight, but do no damage.
The wight hits you with a +3 battleaxe!
You hit the wight.
You squeeze the wight, but do no damage.
The wight is heavily damaged.
You constrict the wight. The wight hits you with a +3 battleaxe!
* * * LOW HITPOINT WARNING * * *
Unknown command.
You barely miss the wight.
The wight is severely damaged.
You constrict the wight. The wight hits you with a +3 battleaxe.
You die...

8....###.###.## ##.#####.###.#
...######.#.## ##.#.## #.# #.#
...#..####..# ##.###.###.# #.#
..###...###.# #.## ##.##.# #.#
..#...#.###.# ##.###.###.# #.##
.##.........#####.#.####.###..#
_#..###.......................#
##.## ####..####z#.#####.#._..#
##.## #..# #@#...........##
#...# #..####[#.###########
###.# #.........# #.#
#..####.### #.# #..# #.# #.#
##.## #.# #.#####...####.#
#.......#......#
#########...######


You could see a wight.

Vanquished Creatures
  A steam dragon (D:6)
  An orc warrior (D:6)
  A phantom (D:6)
  2 bullfrogs
  A scorpion (D:7)
  A water moccasin zombie (D:5)
  A wight (D:6)
  2 howler monkeys
  2 centaur zombies (D:5)
  3 hounds
  2 orc priests
  3 iguanas
  2 orc wizards (D:6)
  A scorpion zombie (D:5)
  4 sleepcaps (D:6)
  2 howler monkey skeletons (D:5)
  4 adders
  8 gnolls
  A shadow imp (D:3)
  A white imp (D:7)
  3 worms
  2 dart slugs (D:4)
  14 orcs
  9 ball pythons
  9 bats
  11 endoplasms
  4 giant cockroaches
  5 goblins
  7 hobgoblins
  2 jackals (D:3)
  4 quokkas
  4 frilled lizards
  9 kobolds
  5 rats
131 creatures vanquished.

Notes
Turn   | Place    | Note
-------+----------+-------------------------------------------
     0 | D:1      | Kurtz the Octopode Fighter began the quest for the Orb.
     0 | D:1      | Reached XP level 1. HP: 16/16 MP: 1/1
   113 | D:1      | Reached XP level 2. HP: 21/21 MP: 2/2
   293 | D:1      | Reached skill level 3 in Axes
   360 | D:1      | You fall into a shaft and drop 1 floor!
   613 | D:2      | Reached XP level 3. HP: 18/26 MP: 3/3
   681 | D:2      | Found a faded altar of an unknown god.
  1024 | D:3      | Reached skill level 4 in Axes
  1145 | D:3      | Reached XP level 4. HP: 31/31 MP: 4/4
  1565 | D:3      | Reached skill level 5 in Axes
  1565 | D:3      | Reached XP level 5. HP: 20/36 MP: 5/5
  2020 | D:4      | Reached skill level 6 in Axes
  2020 | D:4      | Reached XP level 6. HP: 36/42 MP: 6/6
  2131 | D:4      | Found a staircase to the Ecumenical Temple.
  2181 | Temple   | Entered the Ecumenical Temple
  2188 | Temple   | Became a worshipper of Warmaster Okawaru
  3058 | D:5      | Entered Level 5 of the Dungeon
  3152 | D:5      | Noticed an orc warrior
  3281 | D:5      | Reached skill level 1 in Invocations
  3285 | D:5      | Reached skill level 7 in Axes
  3285 | D:5      | Reached XP level 7. HP: 45/46 MP: 7/7
  3297 | D:6      | Found a runed translucent gate.
  3297 | D:6      | Found a runed translucent gate.
  3489 | D:5      | Noticed Edmund
  3610 | D:4      | Reached * piety under Okawaru
  3700 | D:6      | Noticed a steam dragon
  3706 | D:6      | Killed a steam dragon
  3707 | D:6      | Reached skill level 8 in Axes
  3721 | D:6      | Found a runed translucent gate.
  3724 | D:6      | Noticed 0gre's ghost (novice GnCj)
  3741 | D:6      | Noticed Stellion's ghost (novice KoBr)
  3770 | D:6      | Reached XP level 8. HP: 23/52 MP: 9/9
  3904 | D:6      | Reached ** piety under Okawaru
  3957 | D:6      | Found a white marble altar of Elyvilon.
  4032 | D:6      | Found a broken altar of Ashenzari.
  4038 | D:6      | Found a hazy altar of Hepliaklqana.
  4041 | D:6      | Found an ancient bone altar of Kikubaaqudgha.
  4093 | D:6      | Reached skill level 9 in Axes
  4244 | D:6      | Found a bloodstained altar of Trog.
  4490 | D:6      | Found a basalt altar of Yredelemnul.
  4631 | D:7      | Noticed a boulder beetle
  4632 | D:7      | Noticed a troll
  4634 | D:7      | Noticed a troll
  4730 | D:6      | HP: 1/49 [wight/+3 battleaxe (15)]
  4731 | D:6      | Slain by a wight

Illustrated notes

Levels and vault maps discovered:
D:1:      saegor_arrival_simple_c, layout_basic
D:2:      layout_loops_ring, nicolae_ecumenical_pavilion,
          minmay_misc_feat_encased
D:3:      minmay_diamond_boxcup, layout_basic, minmay_quantized
D:4:      layout_loops_ring, minmay_temple_entry_statues_fountains
D:5:      layout_rooms, serial_undead, serial_undead_c, serial_undead_f,
          serial_undead_f, serial_undead_b, serial_undead_b, serial_undead_b,
          serial_undead_f, serial_undead_e, uniq_edmund
D:6:      layout_loops_ring, kennysheep_ying_yang, bloody_trog,
          minmay_overflow_temple_star_quad, gammafunk_ghost_cemetery,
          st_stairs_2, chequers_serial_rivers_small_3
D:7:      layout_basic, nemelex_dance_club_becter, minmay_manual_mess
Temple:   nicolae_temple_ecumenical_triangle

Skill      XL: |  1  2  3  4  5  6  7  8 |
---------------+-------------------------+-----
Axes           | 3 4 5 6 7 8 9 |  9.7
Invocations    | 1 2 3 |  3.0
Fighting       | 4 |  4.2
Dodging        | |  3.0
Shields        | |  3.0

Action                     |  1- 3 |  4- 6 |  7- 9 || total
---------------------------+-------+-------+-------++-------
  Melee: War axe           |    59 |   131 |    93 ||   283
         Tentacles         |     9 |    35 |    33 ||    77
         Constrict         |     9 |    34 |    25 ||    68
         Punch             |     1 |     2 |     3 ||     6
  Throw: Dart              |       |       |     1 ||     1
  Evoke: Wand              |       |       |     5 ||     5
   Stab: Sleeping          |     8 |    11 |     1 ||    20
         Paralysed         |       |       |     4 ||     4
 Armour: Skin              |    23 |    42 |    44 ||   109
  Dodge: Dodged            |    37 |   104 |    90 ||   231
  Block: Buckler           |     9 |    27 |    23 ||    59

Table legend: (Time is in decaauts)
 A = Elapsed time spent in this place.
 B = Non-inter-level travel time spent in this place.
 C = Inter-level travel time spent in this place.
 D = Time resting spent in this place.
 E = Time spent auto-exploring this place.
 F = Levels seen in this place.
 G = Mean time per level.
                   A        B        C        D        E       F      G
               +--------+--------+--------+--------+--------+-----+--------+
         Total |   4809 |   4244 |    565 |    306 |   2879 |   8 |  601.1 |
       Dungeon |   4796 |   4237 |    559 |    306 |   2879 |   7 |  685.1 |
        Temple |     12 |      7 |      5 |      0 |      0 |   1 |   12.0 |
               +--------+--------+--------+--------+--------+-----+--------+

Top non-repeatable levels by time:
     D:4: 1117 daAuts
     D:6: 984 daAuts
     D:3: 948 daAuts
     D:2: 775 daAuts
     D:1: 691 daAuts
     D:5: 206 daAuts
     D:7: 73 daAuts
  Temple: 12 daAuts
